 Dungeon Crawl Stone Soup version 0.30-a0-242-g7bf8e6d787 (webtiles) character file.

Game seed: 11878874992368920690

1404 gelatine the Conjurer (level 8, -3/60 HPs)
             Began as a Demonspawn Conjurer on Oct 11, 2022.
             Slain by a gnoll sergeant
             ... wielding a +2 vampiric spear
              (8 damage)
             ... on level 5 of the Dungeon.
             The game lasted 00:18:07 (6374 turns).

gelatine the Conjurer (Demonspawn Conjurer)         Turns: 6374, Time: 00:18:07

Health: -3/60      AC:  6    Str:  8    XL:     8   Next: 42%
Magic:  1/15       EV: 12    Int: 22    God:
Gold:   319        SH:  0    Dex: 11    Spells: 10/16 levels left

rFire   . . .      SeeInvis .    i - +2 dagger (speed)
rCold   . . .      Faith    .    (no shield)
rNeg    . . .      Spirit   .    g - +0 robe {Will+}
rPois   +          Reflect  .    (helmet restricted)
rElec   .          Harm     .    (no cloak)
rCorr   .          Rampage  .    (no gloves)
Will    +....                    (no boots)
Stlth   ++........               (no amulet)
HPRegen 0.30/turn                (no ring)
MPRegen 0.14/turn                (no ring)

@: no status effects
A: horns 1, slimy green scales 3, powered by death 1
a: no special abilities


You were on level 5 of the Dungeon.
You visited 2 branches of the dungeon, and saw 6 of its levels.
You also visited: Ossuary.

You collected 319 gold pieces.

Inventory:

Hand Weapons
 i - a +2 dagger of speed (weapon)
 l - the +6 spear of Plague {venom, MP-9 Dex+6 SInv}
   (You found it on level 2 of the Dungeon)

   It poisons the flesh of those it strikes.
   Dex:       It affects your dexterity (+6).
   MP:        It affects your magic capacity (-9).
   SInv:      It lets you see invisible.
 t - a +0 rapier
Missiles
 a - a throwing net
Armour
 g - a +0 robe of willpower (worn)
Magical Staves
 y - a staff of cold
Wands
 v - a wand of flame (13)
Scrolls
 c - a scroll of acquirement
 j - a scroll of enchant weapon
 p - a scroll of torment {unknown}
 q - a scroll of immolation {unknown}
 r - a scroll of enchant armour {unknown}
 s - 2 scrolls of blinking {unknown}
 w - a scroll of amnesia {unknown}
Potions
 b - 2 potions of magic
 d - 5 potions of curing
 e - a potion of resistance {unknown}
 f - 2 potions of flight {unknown}
 h - 4 potions of haste {unknown}
 k - a potion of mutation {unknown}
 m - 4 potions of degeneration {unknown}
 n - 2 potions of brilliance {unknown}
 o - 2 potions of heal wounds {unknown}
 u - 2 potions of might {unknown}
 x - a potion of attraction {unknown}


   Skills:
 * Level 4.2 Fighting
 + Level 4.0 Short Blades
 + Level 3.4 Dodging
 + Level 3.0 Stealth
 + Level 4.7 Spellcasting
 + Level 6.4 Conjurations


You had 10 spell levels left.
You knew the following spells:

 Your Spells              Type           Power      Damage    Failure   Level
a - Magic Dart            Conj           100%       1d8       1%          1
b - Searing Ray           Conj           66%        2d6       1%          2
c - Dazzling Flash        Conj/Hex       38%        N/A       9%          3

Your spell library contained the following spells:

 Spells                   Type           Power      Damage    Failure   Level
 Ensorcelled Hibernation  Hex/Ice        10%        N/A       16%         2
 Fulminant Prism          Conj/Hex       9%         3d7       26%         4
 Iskenderun's Mystic Bla  Conj/Tloc      19%        2d6       26%         4
 Ignite Poison            Fire/Tmut/Pois 5%         N/A       30%         3
 Kindle Blastsparks       Fire/Tloc/Air  10%        2d10      30%         3
 Spider Form              Tmut/Pois      5%         N/A       30%         3
 Anguish                  Hex/Necr       2%         N/A       71%         4
 Freezing Cloud           Conj/Ice/Air   7%         6-21      75%         5


Dungeon Overview and Level Annotations

Branches:
Dungeon (5/15)             Temple (1/1) D:4         Ossuary (visited)

Altars:
Ashenzari
Cheibriados
Dithmenos
Fedhas
Hepliaklqana
Makhleb
Okawaru
Qazlal
Ru
Uskayaw
Xom
Yredelemnul

Shops:
D:4 (


Innate Abilities, Weirdness & Mutations

You have a pair of small horns on your head.
You are completely covered in slimy green scales. (AC +4, rPois)
You regenerate a little health from kills.


Message History

You hit the gnoll sergeant but do no damage.
Your punch misses the gnoll sergeant.
The gnoll sergeant is almost dead.
You hit the gnoll sergeant but do no damage.
The gnoll sergeant is almost dead.
The gnoll sergeant hits you with a +2 vampiric spear.
The gnoll sergeant draws strength from your wounds!
The gnoll sergeant blocks your attack.
The gnoll sergeant is severely wounded.
The gnoll sergeant hits you with a +2 vampiric spear!
The gnoll sergeant draws strength from your wounds!
You closely miss the gnoll sergeant.
Your headbutt misses the gnoll sergeant.
The gnoll sergeant is severely wounded.
You hit the gnoll sergeant but do no damage.
The gnoll sergeant is severely wounded.
The gnoll sergeant hits you with a +2 vampiric spear!
* * * LOW HITPOINT WARNING * * *
The gnoll sergeant draws strength from your wounds!
You hit the gnoll sergeant.
You headbutt the gnoll sergeant, but do no damage.
The gnoll sergeant is severely wounded.
Casting: Searing Ray (safe; 1% risk of failure)
Confirm with . or Enter, or press ? or * to list all spells.
Casting: Dazzling Flash (dangerous; 9% risk of failure)
Press: ? - help, Dir - look around, f - activate The gnoll sergeant is dazzled.
The gnoll sergeant closely misses you.
Unknown command.
You hit the gnoll sergeant but do no damage.
The gnoll sergeant is severely wounded.
The gnoll sergeant hits you with a +2 vampiric spear!
* * * LOW HITPOINT WARNING * * *
You closely miss the gnoll sergeant.
The gnoll sergeant is severely wounded.
You hit the gnoll sergeant but do no damage.
The gnoll sergeant is severely wounded.
The gnoll sergeant barely misses you.
The gnoll sergeant is no longer blind.
The gnoll sergeant hits you from afar with a +2 vampiric spear!
You die...

..( ).....#
....#####......#
.g..g..........#
#.....)))# #.#
#....###.# #.#
#.. #)# #.# ..#.
#.....# #g# #.#
.....##.....#
#)###.#
......#.....#
#.@##.#
......#.....#
##..#.#
............#
##...#
............#
###[#
......#.....# #.#
......#.....# #.#
......#.....##
#.#
......#......####
#.#
...#...#........#
#.#


You could see a gnoll sergeant.

Vanquished Creatures
  Grinder (D:5)
  A black bear (D:4)
  An ice beast (D:5)
  3 phantoms
  A necrophage (D:5)
  A scorpion (D:5)
  An elf skeleton (D:4)
  A centaur zombie (Ossuary)
  4 human zombies
  2 orc priests (D:5)
  A gnoll bouda (D:5)
  2 human skeletons (D:4)
  2 iguanas
  An orc wizard (D:5)
  2 mummies (Ossuary)
  9 gnolls
  4 adders
  3 worms
  5 dart slugs
  7 orcs
  10 ball pythons
  8 endoplasms
  3 giant cockroaches
  8 goblins
  3 hobgoblins
  2 jackals (D:2)
  6 kobolds
  2 quokkas
  4 bats
  2 frilled lizards
  2 goblin zombies (Ossuary)
  10 hobgoblin zombies (Ossuary)
  2 jackal zombies (Ossuary)
  3 kobold zombies (Ossuary)
  2 orc skeletons (D:4)
  14 orc zombies (Ossuary)
  6 rats
  2 rat zombies (Ossuary)
141 creatures vanquished.

Notes
Turn   | Place    | Note
-------+----------+-------------------------------------------
     0 | D:1      | gelatine the Demonspawn Conjurer began the quest for the
                  | Orb.
     0 | D:1      | Reached XP level 1. HP: 13/13 MP: 3/3
   179 | D:1      | Gained mutation: You are partially covered in slimy green
                  | scales. (AC +2) [demonic ancestry]
   179 | D:1      | Reached XP level 2. HP: 19/19 MP: 0/5
  1014 | D:1      | Learned a level 2 spell: Searing Ray
  1019 | D:2      | Gained mutation: You are mostly covered in slimy green
                  | scales. (AC +3) [demonic ancestry]
  1019 | D:2      | Reached XP level 3. HP: 22/24 MP: 3/6
  1113 | D:2      | Reached skill level 5 in Conjurations
  1141 | D:2      | Reached skill level 1 in Fighting
  1141 | D:2      | Reached XP level 4. HP: 21/32 MP: 0/7
  1336 | D:2      | Identified the +6 spear of Plague {venom, MP-9 Dex+6 SInv}
  2472 | D:3      | Gained mutation: You are completely covered in slimy green
                  | scales. (AC +4, rPois) [demonic ancestry]
  2472 | D:3      | Reached XP level 5. HP: 37/37 MP: 5/9
  2788 | D:3      | Noticed a phantom
  2820 | D:3      | Killed a phantom
  2821 | D:3      | Reached skill level 1 in Short Blades
  3425 | D:4      | Identified a scroll of acquirement
  3487 | D:4      | Found a sand-covered staircase.
  3528 | D:4      | Gained mutation: You have a pair of small horns on your
                  | head. [demonic ancestry]
  3528 | D:4      | Reached XP level 6. HP: 39/44 MP: 1/10
  3615 | Ossuary  | Entered an ossuary
  4151 | Ossuary  | Learned a level 3 spell: Dazzling Flash
  4314 | Ossuary  | Reached XP level 7. HP: 47/51 MP: 3/12
  4637 | D:4      | Found a hazy altar of Hepliaklqana.
  4790 | D:4      | Found a staircase to the Ecumenical Temple.
  4812 | Temple   | Entered the Ecumenical Temple
  5265 | D:4      | Found a blossoming altar of Fedhas.
  5528 | D:4      | Found Uckez's Antique Weapon Shoppe.
  5668 | D:5      | Entered Level 5 of the Dungeon
  5751 | D:5      | Reached skill level 6 in Conjurations
  6072 | D:5      | Noticed Grinder
  6086 | D:5      | Killed Grinder
  6087 | D:5      | Gained mutation: You regenerate a little health from kills.
                  | [demonic ancestry]
  6087 | D:5      | Reached XP level 8. HP: 39/60 MP: 7/14
  6374 | D:5      | Slain by a gnoll sergeant

Illustrated notes

Levels and vault maps discovered:
D:1:      dpeg_arrival_refuge, layout_loops_ring, minmay_misc_feat_rows,
          minmay_misc_feat_tower, st_stairs_8
D:2:      layout_rooms, grunt_ministairs_4, chequers_big_river,
          amethyst_killhole, hangedman_glass_teeth,
          minmay_misc_feat_more_columns, minmay_indecisive_spiral
D:3:      layout_basic, mainiacjoe_overflow_tiny_flanked, wad_rectangle_vault
D:4:      layout_basic, general_overflow_altar,
          mainiacjoe_overflow_six_doors_small, minmay_temple_entry_stoned_glass,
          nicolae_ossuary_entry_catacombs, serial_shops, nicolae_lakefront_shop
D:5:      layout_rooms, serial_shops, shop, uniq_grinder
Temple:   minmay_temple_curvy_loop

Skill      XL: |  1  2  3  4  5  6  7  8 |
---------------+-------------------------+-----
Conjurations   | 5 6 |  6.4
Dodging        | 2 3 |  3.4
Fighting       | 1 2 3 4 |  4.2
Stealth        | 2 3 |  3.0
Short Blades   | 1 2 3 4 |  4.0
Spellcasting   | 3 4 |  4.7

Action                   |  1- 3 |  4- 6 |  7- 9 || total
-------------------------+-------+-------+-------++-------
Melee: Dagger            |    41 |   191 |    66 ||   298
       Headbutt          |       |    25 |    16 ||    41
       Punch             |       |     2 |       ||     2
 Cast: Magic Dart        |    48 |   142 |    78 ||   268
       Searing Ray       |       |     5 |    10 ||    15
       Dazzling Flash    |       |       |     2 ||     2
  Use: Scroll            |       |     4 |     1 ||     5
       Potion            |       |       |     1 ||     1
 Stab: Sleeping          |       |     3 |       ||     3
Armor: Robe              |     9 |    65 |     9 ||    83
Dodge: Dodged            |    21 |   108 |    36 ||   165

Table legend: (Time is in decaauts)
 A = Elapsed time spent in this place.
 B = Non-inter-level travel time spent in this place.
 C = Inter-level travel time spent in this place.
 D = Time resting spent in this place.
 E = Time spent auto-exploring this place.
 F = Levels seen in this place.
 G = Mean time per level.
                   A        B        C        D        E       F      G
               +--------+--------+--------+--------+--------+-----+--------+
         Total |   6268 |   6140 |    128 |     78 |   4979 |   7 |  895.4 |
       Dungeon |   5228 |   5161 |     67 |     32 |   4317 |   5 | 1045.6 |
        Temple |    262 |    201 |     61 |      0 |    197 |   1 |  262.0 |
       Ossuary |    777 |    777 |      0 |     46 |    465 |   1 |  777.0 |
               +--------+--------+--------+--------+--------+-----+--------+

Top non-repeatable levels by time:
     D:2: 1391 daAuts
     D:4: 1180 daAuts
     D:1: 1012 daAuts
     D:3: 968 daAuts
 Ossuary: 777 daAuts
     D:5: 676 daAuts
  Temple: 262 daAuts
